 Dungeon Crawl Stone Soup version 0.29.1-13-g9f3cf754e1 (webtiles) character file.

Game seed: 16071637810045005283

113 Descartes the Grasshopper (level 4, 0/34 HPs)
             Began as a Demonspawn Warper on Jan 20, 2023.
             Was an Initiate of Gozag.
             Slain by an orc
             ... wielding a +0 mace
              (3 damage)
             ... on level 4 of the Dungeon.
             The game lasted 00:05:27 (3103 turns).

Descartes the Grasshopper (Demonspawn Warper)       Turns: 3103, Time: 00:05:28

Health: 0/34       AC:  7    Str: 14    XL:     4   Next: 65%
Magic:  7/7        EV: 10    Int: 14    God:    Gozag
Gold:   78         SH:  0    Dex: 12    Spells: 8/8 levels left

rFire   . . .      SeeInvis .   a - +0 hand axe
rCold   . . .      Faith    .   (no shield)
rNeg    . . .      Spirit   .   u - +0 scale mail
rPois   .          Reflect  .   p - +0 helmet
rElec   .          Harm     .   (no cloak)
rCorr   .          Rampage  .   (no gloves)
Will    +....                   (no boots)
Stlth   ..........              (no amulet)
HPRegen 0.11/turn               n - ring of willpower
MPRegen 0.10/turn               (no ring)

@: gold aura
A: hooves 2, sturdy frame 1
a: Renounce Religion, Potion Petition, Call Merchant, Bribe Branch


You were on level 4 of the Dungeon.
You worshipped Gozag.
Gozag was noncommittal.
You visited 2 branches of the dungeon, and saw 5 of its levels.

You collected 110 gold pieces.
You paid 32 gold pieces to Gozag.

Inventory:

Hand Weapons
 a - a +0 hand axe (weapon)
 o - a +1 falchion of draining
Missiles
 d - 7 boomerangs of dispersal (quivered)
 e - 2 boomerangs
 l - 3 poisoned darts
 r - 3 atropa-tipped darts
Armour
 p - a +0 helmet (worn)
 u - a +0 scale mail (worn)
Jewellery
 n - a ring of willpower (left hand)
 t - a ring of ice
Scrolls
 c - a scroll of blinking
 g - a scroll of acquirement {unknown}
 k - a scroll of teleportation {unknown}
 m - 4 scrolls of identify {unknown}
 q - a scroll of summoning {unknown}
Potions
 f - a potion of attraction {unknown}
 h - a potion of curing {unknown}
 i - 2 potions of berserk rage {unknown}
 j - 2 potions of might {unknown}
 s - a potion of brilliance {unknown}


   Skills:
 + Level 2.7 Fighting
 + Level 2.4 Axes
 - Level 0.8 Throwing
 + Level 1.7 Armour
 + Level 2.3 Dodging
 + Level 2.5 Spellcasting
 + Level 3.1 Translocations


You had 8 spell levels left.
You didn't know any spells.
Your spell library contained the following spells:

 Spells                   Type           Power      Damage    Failure   Level
 Apportation              Tloc           20%        N/A       16%         1
 Blink                    Tloc           20%        N/A       24%         2
 Gell's Gravitas          Tloc           10%        N/A       43%         3
 Lesser Beckoning         Tloc           10%        N/A       43%         3
 Teleport Other           Tloc           10%        N/A       43%         3
 Ozocubu's Armour         Ice            1%         N/A       86%         3
 Manifold Assault         Tloc           10%        N/A       99%         5
 Alistair's Intoxication  Tmut/Pois      0%         N/A       100%        5
 Metabolic Englaciation   Hex/Ice        0%         N/A       100%        5
 Simulacrum               Ice/Necr       Unusable   N/A       N/A         6

Dungeon Overview and Level Annotations

Branches:
Dungeon (4/15)             Temple (1/1) D:4

Altars:
Ashenzari
Cheibriados
Dithmenos
Fedhas
Gozag
Hepliaklqana
Kikubaaqudgha
Okawaru
Qazlal
Trog
Vehumet
Yredelemnul


Innate Abilities, Weirdness & Mutations

You have hoof-like feet.
Your movements are slightly less encumbered by armour. (ER -2)


Message History

You hit the orc priest. You kick the orc priest.
You kill the orc priest!
You hit the orc. You completely miss the orc.
The orc hits you but does no damage. The orc barely misses you.
Unknown command.
You closely miss the orc.
The orc is heavily wounded.
You barely miss the orc. The orc hits you with a +0 falchion.
The orc hits you with a +0 mace.
You are too injured to fight recklessly!
Unknown command.
You are too injured to fight recklessly!
Unknown command.
Unknown command.
You are too injured to fight recklessly!
You hit the orc. You kick the orc, but do no damage.
The orc is lightly wounded.
You hit the orc but do no damage. The orc hits you with a +0 falchion.
* * * LOW HITPOINT WARNING * * *
The orc hits you with a +0 mace.
* * * LOW HITPOINT WARNING * * *
Unknown command.
You completely miss the orc. Your kick misses the orc.
The orc is lightly wounded.
You barely miss the orc. The orc closely misses you.
The orc hits you but does no damage.
Unknown command.
You barely miss the orc. You kick the orc.
The orc is heavily wounded.
You hit the orc but do no damage.
The orc is distracted by your dazzling golden aura.
The orc hits you with a +0 mace.
* * * LOW HITPOINT WARNING * * *
The orc hits you with a +0 mace.
* * * LOW HITPOINT WARNING * * *
The orc is no longer distracted by gold.
The orc attacks as you move away! The orc hits you but does no damage.
The orc attacks as you move away! The orc hits you with a +0 mace.
You die...
Your body crumbles into a pile of gold.

#[......#....#....#.........
#.......#....#....#.........
#.......#...................
#.......#.........≈≈≈≈≈.....
#.......####....≈~≈≈≈≈≈≈≈...
###...........≈≈≈~≈≈≈≈≈≈≈≈≈.
#..........≈≈≈≈≈~...≈≈≈≈≈≈
#..........≈≈≈≈≈≈.>.≈≈≈≈≈≈
#........@.≈≈≈≈≈≈...≈≈≈≈≈≈
#........o.≈≈≈≈≈≈≈≈≈≈≈≈≈≈≈
#..........o≈≈≈≈≈≈≈≈≈≈≈≈≈.
###.............≈≈≈≈≈≈≈≈≈...
#.....######......≈≈≈≈≈.....
#..>..'....#................
#.....#....#................
+.....#....#.........#...
#.....###..#.........#


You could see 2 orcs.

Vanquished Creatures
  An orc priest (D:4)
  3 adders
  2 orcs
  4 bats
  6 endoplasms
  A giant cockroach (D:2)
  5 goblins
  7 hobgoblins
  4 jackals (D:1)
  4 ball pythons
  4 frilled lizards
  7 kobolds
  7 rats
55 creatures vanquished.

Notes
Turn   | Place    | Note
-------+----------+-------------------------------------------
     0 | D:1      | Descartes the Demonspawn Warper began the quest for the
                  | Orb.
     0 | D:1      | Reached XP level 1. HP: 16/16 MP: 3/3
    30 | D:1      | Reached skill level 1 in Armour
   198 | D:1      | Gained mutation: You have large cloven feet. [demonic
                  | ancestry]
   198 | D:1      | Reached XP level 2. HP: 14/22 MP: 5/5
   514 | D:1      | Found a faded altar of an unknown god.
  1002 | D:2      | Gained mutation: You have hoof-like feet. [demonic
                  | ancestry]
  1002 | D:2      | Reached XP level 3. HP: 25/28 MP: 6/6
  1023 | D:2      | Reached skill level 3 in Translocations
  1640 | D:3      | Found a bloodstained altar of Trog.
  2093 | D:3      | Gained mutation: Your movements are slightly less
                  | encumbered by armour. (ER -2) [demonic ancestry]
  2093 | D:3      | Reached XP level 4. HP: 34/34 MP: 7/7
  2725 | D:4      | Found a staircase to the Ecumenical Temple.
  2754 | Temple   | Entered the Ecumenical Temple
  2948 | Temple   | Became a worshipper of Gozag Ym Sagoz the Greedy
  3103 | D:4      | Slain by an orc

Illustrated notes

Levels and vault maps discovered:
D:1:      dpeg_arrival_radiant, layout_rooms, ebering_ecumenical_altar_abandoned
D:2:      layout_rooms
D:3:      layout_basic, nicolae_overflow_squiral
D:4:      layout_gridville, temple_pool_b, uniq_menkaure
Temple:   nicolae_temple_bog_church

Skill      XL: |  1  2  3 |
---------------+----------+-----
Armour         | 1 |  1.7
Axes           | 2 |  2.4
Dodging        | 2 |  2.3
Translocations | 3 |  3.1
Fighting       | |  2.7
Throwing       | |  0.8
Spellcasting   | |  2.5

Action                   |  1- 3 |  4- 6 || total
-------------------------+-------+-------++-------
Melee: Hand axe          |   128 |    24 ||   152
       Kick              |    22 |     6 ||    28
       Punch             |     3 |       ||     3
 Stab: Sleeping          |     2 |       ||     2
Armor: Leather armour    |    52 |     3 ||    55
       Scale mail        |       |     7 ||     7
Dodge: Dodged            |    97 |    12 ||   109
